 Dungeon Crawl Stone Soup version 0.32-a0-131-g9dbbe29261 (webtiles) character file.

Game seed: 3967841085081816060

7730 Sobieck the Cleaver (level 11, -3/78 (80) HPs)
             Began as a Demonspawn Gladiator on Feb 8, 2024.
             Was a Priest of Trog.
             Killed by divine providence
             ... invoked by an orc priest
              (8 damage)
             ... on level 9 of the Dungeon.
             The game lasted 00:18:15 (9098 turns).

Sobieck the Cleaver (Demonspawn Gladiator)          Turns: 9098, Time: 00:18:16

HP:   -3/78 (80)    AC: 19    Str: 19    XL:     11   Next: 0%
MP:   11/11         EV:  2    Int:  8    God:    Trog [***...]
Gold: 493           SH: 15    Dex: 21    Spells: 10/10 levels left

rFire   . . .        H - +1 demon whip (venom)
rCold   . . .        G - +0 tower shield
rNeg    . . .        y - +0 crystal plate armour
rPois   +            c - +0 helmet
rElec   .            (cloak unavailable)
rCorr   .            u - +0 pair of gloves
SInv    .            B - +1 pair of boots
Will    ++...        (no amulet) Stlth
                     v - ring of poison resistance
HPRegen 1.33/turn    k - +6 ring of dexterity
MPRegen 0.12/turn

%: no passive effects
@: strong-willed, on berserk cooldown, regenerating, slowed, lightly drained,
very slow
A: repulsion field 2, foul stench 2, weakness stinger 3
a: Renounce Religion, Berserk, Trog's Hand


You were on level 9 of the Dungeon.
You worshipped Trog.
Trog was most pleased with you.
You visited 1 branch of the dungeon, and saw 9 of its levels.
You also visited: Ossuary.

You collected 515 gold pieces.
You spent 22 gold pieces at shops.

Inventory:

Hand Weapons
 a - a +0 vampiric war axe
 h - a +3 short sword
 H - a +1 demon whip of venom (weapon)
Missiles
 d - 2 throwing nets
 e - a javelin
 m - 4 atropa-tipped darts
 p - 29 stones (quivered)
 x - 19 poisoned darts
 F - a curare-tipped dart
Armour
 b - a +0 leather armour
 c - a +0 helmet (worn)
 u - a +0 pair of gloves (worn)
 y - a +0 crystal plate armour (worn)
 B - a +1 pair of boots (worn)
 G - a +0 tower shield (worn)
Jewellery
 k - a +6 ring of dexterity (right hand)
 v - a ring of poison resistance (left hand)
 K - the ring of Hadoriri {rN+ Str+4 Int-5 SInv}
   (You took it off an orc warrior on level 8 of the Dungeon)

   [ring of positive energy]

   Str+4:     It affects your strength (+4).
   Int-5:     It affects your intelligence (-5).
   rN+:       It protects you from negative energy.
   SInv:      It lets you see invisible.
Wands
 o - a wand of flame (15)
 E - a wand of mindburst (10)
 J - a wand of digging (6)
Scrolls
 i - 3 scrolls of blinking
 j - 7 scrolls of teleportation
 s - a scroll of revelation
 t - a scroll of immolation
 D - a scroll of poison
 I - a scroll of summoning
 L - 3 scrolls of vulnerability
 M - a scroll of noise
Potions
 f - 3 potions of ambrosia
 g - 4 potions of curing
 l - 3 potions of heal wounds
 n - 2 potions of might
 q - 3 potions of brilliance
 r - 2 potions of attraction
 w - 3 potions of magic
 z - 2 potions of enlightenment {unknown}
 A - 2 potions of berserk rage
 C - 2 potions of mutation {unknown}


   Skills:
 + Level 5.2 Fighting
 - Level 13.5(13.8) Axes
 + Level 4.1(9.7) Maces & Flails
 - Level 1.7 Throwing
 - Level 2.0 Armour
 - Level 2.6 Dodging
 + Level 4.2 Shields


You had 10 spell levels left.
You didn't know any spells.
Your spell library contained the following spells:

 Spells                   Type           Power      Damage    Failure   Level
 Leda's Liquefaction      Alch/Erth      0%         N/A       100%        4
 Lee's Rapid Deconstruct  Erth           0%         3d4*      100%        5
 Bombard                  Conj/Erth      0%         9d1       100%        6


Dungeon Overview and Level Annotations

Branches:
Dungeon (9/15)             Temple (0/1) D:4         Ossuary (visited)
   Lair: D:8-11         Orc: D:9-12

Altars:
Cheibriados
Dithmenos
Fedhas
Kikubaaqudgha
Makhleb
Okawaru
Qazlal
Sif Muna
Trog
Vehumet
Yredelemnul

Shops:
D:1 =*(   D:7 [


Innate Abilities, Weirdness & Mutations

You are surrounded by a moderate repulsion field. (EV +3)
You sometimes emit foul miasma when damaged in melee.
You have a sharp stinger which inflicts weakening toxins.


Message History

Unknown command.
You whack the orc!
You kill the orc!
Trog accepts your kill.
Unknown command.
You closely miss the orc.
The orc priest hits you from afar with a +0 trident.
* * * LOW HITPOINT WARNING * * *
The orc hits you but does no damage.
Unknown command.
You whack the orc!
You kill the orc!
Trog accepts your kill.
The orc priest hits you but does no damage.
Unknown command.
You whack the orc!
You kill the orc!
Trog accepts your kill.
Unknown command.
You are no longer berserk.
You are exhausted.
You feel yourself slow down. You block the orc priest's attack.
You block the orc warrior's attack.
Items here: ))) [ †.
Unknown command.
Unknown command.
Unknown command.
The orc priest mumbles some strange prayers to Beogh against you.
Beogh smites you!
* * * LOW HITPOINT WARNING * * *
The orc warrior hits you with a +0 long sword.
* * * LOW HITPOINT WARNING * * *
Items here: )) [[.
You block the orc warrior's attack.
Unknown command.
Okay, then.
Your skin crawls.
You feel strong-willed.
The orc warrior hits you but does no damage.
The orc priest hits you but does no damage.
The orc warrior completely misses you.
Your two-headed ogre goes berserk!
You can no longer call in reinforcements.
The orc priest mumbles some strange prayers to Beogh against you.
Beogh smites you!
* * * LOW HITPOINT WARNING * * *
You block the orc warrior's attack.
The orc priest invokes the aid of Beogh against you.
Beogh smites you!
You die...

#....# #.#
#....# #.#
#....# #.#
#....# #.#
#....# #.#
#.# #.# #O#
#@# ### #.#
#... #o#
#....####o#
........)$###
............#
##....).....#
#..........#
.....##.....#


You could see an orc warrior (ally target), an orc priest and a friendly
two-headed ogre (summoned, berserk).

Vanquished Creatures
  A two-headed ogre (D:6)
  A catoblepas (D:8)
  Amaemon (D:8)
  An ugly thing (D:8)
  An orange demon (D:8)
  Sigmund (D:2)
  A wraith (D:8)
  4 wyverns
  4 yaks (D:8)
  A warg (D:9)
  A steam dragon (D:8)
  4 vampire mosquitoes (D:8)
  An acid dragon (D:8)
  Edmund (D:6)
  A water moccasin (D:5)
  An ice beast (D:8)
  An orc warrior (D:8)
  3 sky beasts
  2 black bears (D:6)
  2 ogres
  A centaur (D:9)
  A phantom (D:4)
  2 kobold brigands (D:7)
  3 bullfrogs
  6 wights (D:8)
  A troll zombie (Ossuary)
  A howler monkey (D:5)
  A bombardier beetle (D:3)
  A centaur zombie (Ossuary)
  3 hounds
  3 jellies
  6 orc priests
  Jessica (D:2)
  3 iguanas
  Crazy Yiuf (D:7)
  Natasha (D:1)
  2 sleepcaps
  An orc wizard (D:5)
  3 ogre zombies (Ossuary)
  7 mummies (Ossuary)
  3 gnolls (D:3)
  13 adders
  A white imp (D:6)
  2 ufetubi (D:5)
  3 adder zombies (Ossuary)
  2 ribbon worms
  3 dart slugs
  23 orcs
  12 ball pythons
  3 bats
  10 endoplasms
  8 giant cockroaches
  6 goblins
  6 hobgoblins
  16 kobolds
  5 quokkas
  4 frilled lizards
  6 goblin zombies (Ossuary)
  8 hobgoblin zombies (Ossuary)
  A kobold zombie (Ossuary)
  6 quokka zombies (Ossuary)
  8 rats
  A rat zombie (Ossuary)
231 creatures vanquished.

Vanquished Creatures (others)
  An orc wizard (D:9)
1 creature vanquished.

Grand Total: 232 creatures vanquished

Notes
Turn   | Place    | Note
-------+----------+-------------------------------------------
     0 | D:1      | Sobieck the Demonspawn Gladiator began the quest for the
                  | Orb.
     0 | D:1      | Reached XP level 1. HP: 16/16 MP: 1/1
   103 | D:1      | Reached skill level 3 in Axes
   133 | D:1      | Found Wiliror's General Store.
   216 | D:1      | Gained mutation: You may rarely emit foul miasma when
                  | damaged in melee. [demonic ancestry]
   216 | D:1      | Reached XP level 2. HP: 15/22 MP: 2/2
   570 | D:1      | Found a faded altar of an unknown god.
   574 | D:1      | Found Hatoh's Weapon Shoppe.
   628 | D:1      | Prayed at the altar of an unknown god.
   628 | D:1      | Became a worshipper of Trog the Wrathful
   628 | D:1      | Reached * piety under Trog
   658 | D:1      | Bought a scroll of identify for 22 gold pieces
   828 | D:1      | Gained mutation: You are surrounded by a mild repulsion
                  | field. (EV +2) [demonic ancestry]
   828 | D:1      | Reached XP level 3. HP: 27/27 MP: 3/3
   837 | D:1      | Found Yfin Its's Jewellery Shop.
   995 | D:2      | Noticed Natasha
  1001 | D:1      | Reached skill level 4 in Axes
  1023 | D:1      | Killed Natasha
  1135 | D:2      | Gained mutation: You have a small tail. [demonic ancestry]
  1135 | D:2      | Reached XP level 4. HP: 33/33 MP: 4/4
  1379 | D:2      | Noticed Jessica
  1386 | D:2      | Killed Jessica
  1387 | D:2      | Reached skill level 5 in Axes
  1390 | D:2      | HP: 2/49 [poisoned by Jessica]
  1545 | D:2      | Noticed Sigmund
  1570 | D:2      | Killed Sigmund
  1571 | D:2      | Reached skill level 6 in Axes
  1571 | D:2      | Reached XP level 5. HP: 33/38 MP: 5/5
  1571 | D:2      | Reached XP level 6. HP: 38/44 MP: 6/6
  1950 | D:3      | Reached ** piety under Trog
  2380 | D:3      | Reached skill level 7 in Axes
  2517 | D:3      | Found a shimmering blue altar of Sif Muna.
  3025 | D:4      | Found a staircase to the Ecumenical Temple.
  3072 | D:4      | Gained mutation: You have a tail ending in a sharp stinger.
                  | [demonic ancestry]
  3072 | D:4      | Reached XP level 7. HP: 44/50 MP: 7/7
  3668 | D:5      | Entered Level 5 of the Dungeon
  3703 | D:5      | Found a radiant altar of Vehumet.
  3711 | D:5      | Reached skill level 8 in Axes
  3771 | D:5      | Found a stormy altar of Qazlal.
  3774 | D:5      | Noticed a water elemental
  3775 | D:5      | Noticed a fire elemental
  3775 | D:5      | Noticed an air elemental
  4123 | D:5      | Reached *** piety under Trog
  4246 | D:5      | Found an ancient bone altar of Kikubaaqudgha.
  4525 | D:5      | Found a blossoming altar of Fedhas.
  4670 | D:6      | Found a burning altar of Makhleb.
  4692 | D:6      | Identified the +0 robe of Jigsaw {Fly rC+ rN+ Dex-3}
  4708 | D:6      | Noticed a two-headed ogre
  4721 | D:6      | Killed a two-headed ogre
  4722 | D:6      | Reached skill level 10 in Axes
  4722 | D:6      | Gained mutation: You have a sharp stinger which inflicts
                  | weakening toxins. [demonic ancestry]
  4722 | D:6      | Reached XP level 8. HP: 32/56 MP: 8/8
  5080 | D:6      | Reached skill level 11 in Axes
  5091 | D:6      | Found a sand-covered staircase.
  5105 | Ossuary  | Entered an ossuary
  5193 | Ossuary  | Gained mutation: You sometimes emit foul miasma when
                  | damaged in melee. [demonic ancestry]
  5193 | Ossuary  | Reached XP level 9. HP: 42/61 MP: 9/9
  5783 | D:6      | Found a shadowy altar of Dithmenos.
  5994 | D:6      | Noticed Edmund
  6009 | D:6      | Killed Edmund
  6077 | D:6      | Found a snail-covered altar of Cheibriados.
  6203 | D:7      | Reached **** piety under Trog
  6339 | D:7      | Found a bloodstained altar of Trog.
  6475 | D:7      | Reached skill level 12 in Axes
  6537 | D:7      | Found Seosiej's Antique Armour Boutique.
  6629 | D:7      | Found a basalt altar of Yredelemnul.
  6762 | D:7      | Found a runed translucent door.
  6764 | D:7      | Noticed Crazy Yiuf
  6770 | D:7      | Killed Crazy Yiuf
  6936 | D:8      | Noticed an orange demon
  6936 | D:8      | Found an iron altar of Okawaru.
  6947 | D:8      | Noticed Amaemon
  6955 | D:8      | Killed an orange demon
  6956 | D:8      | Reached skill level 13 in Axes
  6972 | D:8      | Killed Amaemon
  6973 | D:8      | Gained mutation: You are surrounded by a moderate repulsion
                  | field. (EV +3) [demonic ancestry]
  6973 | D:8      | Reached XP level 10. HP: 8/67 MP: 10/10
  7276 | D:8      | Reached skill level 1 in Shields
  7291 | D:8      | Reached skill level 1 in Maces & Flails
  7291 | D:8      | Reached skill level 1 in Armour
  7732 | D:8      | Reached skill level 3 in Fighting
  7788 | D:8      | Noticed a catoblepas
  7788 | D:8      | Noticed a cyan ugly thing
  7928 | D:8      | Killed a catoblepas
  7934 | D:8      | Killed a cyan ugly thing
  7935 | D:8      | Reached skill level 3 in Maces & Flails
  7935 | D:8      | Reached skill level 3 in Shields
  8130 | D:8      | Identified the ring of Hadoriri {rN+ Str+4 Int-5 SInv}
  9087 | D:9      | Reached XP level 11. HP: 44/77 MP: 11/11
  9097 | D:9      | HP: 3/78 [orc priest/divine providence (14)]
  9098 | D:9      | Killed from afar by an orc priest

Illustrated notes

Levels and vault maps discovered:
D:1:      matt_arrival_refuge, layout_loops_ring, serial_shops,
          nicolae_shop_waterfront, nicolae_shop_bloodbath_and_beyond,
          nicolae_shop_gibbet_a_chance, dreamdust_ecumenical_altar_statues,
          minmay_misc_feat_enclosed, patterned_corridor
D:2:      layout_basic, uniq_sigmund, uniq_natasha, uniq_jessica
D:3:      minmay_angry_zag, layout_loops_ring, led_sif_pool, grunt_ministairs_10
D:4:      minmay_diamond_boxcup, layout_gridville, temple_hall
D:5:      layout_basic, good_gods_mini_temple, mainiacjoe_overflow_paths,
          lemuel_doored_altar, kennysheep_little_box,
          nicolae_qazlal_style_of_elements, grunt_decor_resistance
D:6:      layout_rooms, grunt_dithmenos_smoke, mainiacjoe_overflow_alcove_1,
          bloody_makhleb, nicolae_ossuary_entry_plus, grunt_decor_junction,
          nicolae_the_louvre, uniq_edmund
D:7:      layout_basic, marbit_many_paths, nicolae_overflow_crystal_walls,
          serial_shops, nicolae_shop_pleasant_corner_grove,
          uniq_crazy_yiuf_cottage
D:8:      minmay_chambers_of_sevens, layout_cave_pods,
          mainiacjoe_overflow_catwalk, dk_noncrumbling_3, uniq_amaemon
D:9:      nzn_winding_woodlands_small [nzn_winding_woodlands_5x15_lazy_stream,
          nzn_winding_woodlands_center_lodge,
          nzn_winding_woodlands_5x15_crooked], layout_basic, erik_orc_4,
          ploomutoo_gammafunk_ghost_potion_laboratory, dreamdust_wishing_well

Skill      XL: |  1  2  3  4  5  6  7  8  9 10 |
---------------+-------------------------------+-----
Axes           | 3 4 6 7 10 11 13 | 13.5
Shields        | 4 |  4.2
Maces & Flails | 4 |  4.1
Armour         | 2 |  2.0
Fighting       | 5 |  5.2
Throwing       | |  1.7
Dodging        | |  2.6

Action                     |  1- 3 |  4- 6 |  7- 9 | 10-12 || total
---------------------------+-------+-------+-------+-------++-------
  Melee: War axe           |    82 |   157 |   329 |       ||   568
         Punch             |     2 |     3 |    11 |       ||    16
         Tailslap          |       |    16 |    51 |    27 ||    94
         Demon whip        |       |       |       |   170 ||   170
  Throw: Throwing net      |       |     1 |       |       ||     1
         Stone             |       |    26 |     9 |     5 ||    40
 Invoke: Berserk           |     1 |     2 |     4 |     4 ||    11
         Trog's Hand       |       |       |       |     2 ||     2
         Brothers in Arms  |       |       |       |     1 ||     1
    Use: Scroll            |     1 |     1 |    19 |       ||    21
         Potion            |       |     1 |       |     1 ||     2
   Stab: Sleeping          |     4 |       |     5 |       ||     9
 Armour: Leather armour    |    47 |    76 |    48 |       ||   171
         Crystal plate arm |       |       |   205 |   118 ||   323
  Dodge: Dodged            |    54 |   111 |    91 |     8 ||   264
  Block: Tower shield      |       |       |    43 |   138 ||   181

Table legend: (Time is in decaauts)
 A = Elapsed time spent in this place.
 B = Non-inter-level travel time spent in this place.
 C = Inter-level travel time spent in this place.
 D = Time resting spent in this place.
 E = Time spent auto-exploring this place.
 F = Levels seen in this place.
 G = Mean time per level.
                   A        B        C        D        E       F      G
               +--------+--------+--------+--------+--------+-----+--------+
         Total |   9250 |   8936 |    314 |   1666 |   5241 |  10 |  925.0 |
       Dungeon |   8559 |   8245 |    314 |   1434 |   5209 |   9 |  951.0 |
       Ossuary |    690 |    690 |      0 |    232 |     32 |   1 |  690.0 |
               +--------+--------+--------+--------+--------+-----+--------+

Top non-repeatable levels by time:
     D:8: 2119 daAuts
     D:5: 1112 daAuts
     D:1: 1042 daAuts
     D:4: 958 daAuts
     D:3: 939 daAuts
     D:7: 853 daAuts
     D:2: 809 daAuts
 Ossuary: 690 daAuts
     D:6: 537 daAuts
     D:9: 186 daAuts
